 Dungeon Crawl Stone Soup version 0.19.1 (webtiles) character file.

269 markt42 the Conjurer (level 6, -10/32 HPs)
             Began as a Deep Elf Conjurer on Dec 12, 2016.
             Was an Initiate of Sif Muna.
             Killed by divine providence
             ... invoked by an orc priest
              (13 damage)
             ... on level 4 of the Dungeon.
             The game lasted 00:05:26 (4016 turns).

markt42 the Conjurer (Deep Elf Conjurer)            Turns: 4016, Time: 00:05:27

Health: -10/32     AC:  6    Str:  5    XL:     6   Next: 1%
Magic:  0/16       EV: 13    Int: 22    God:    Sif Muna [......]
Gold:   119        SH:  0    Dex: 15    Spells: 3 memorised, 6 levels left

rFire  . . .     SeeInvis .     (no weapon)
rCold  . . .     Gourm    .     a - +0 robe
rNeg   . . .     Faith    .     (no shield)
rPois  .         Spirit   .     (no helmet)
rElec  .         Reflect  .     j - +0 cloak
rCorr  .         Harm     .     r - +2 pair of gloves
MR     .....                    (no boots)
Stlth  ++........               (no amulet)
                                (no ring)
                                (no ring)

@: no status effects
A: no striking features
a: Renounce Religion


You were on level 4 of the Dungeon.
You worshipped Sif Muna.
Sif Muna was noncommittal.
You were not hungry.

You visited 1 branch of the dungeon, and saw 4 of its levels.

You collected 119 gold pieces.

Inventory:

Armour
 a - a +0 robe (worn)
 j - a +0 cloak (worn)
 r - a +2 pair of gloves (worn)
Scrolls
 e - a scroll of blinking
 f - a scroll of identify
 g - 3 scrolls of amnesia
 h - 2 scrolls of teleportation
 i - 2 scrolls of random uselessness
 m - a scroll of immolation {unknown}
 n - a scroll of enchant weapon
 o - a scroll of remove curse
Potions
 k - a potion of degeneration {unknown}
 l - a potion of resistance {unknown}
 p - 2 potions of brilliance {unknown}
 s - a potion of haste {unknown}
 t - 2 potions of agility {unknown}
Books
 b - a book of Conjurations

   Spells                             Type                      Level
   a - Magic Dart                     Conjuration                  1
   b - Searing Ray                    Conjuration                  2
   c - Dazzling Spray                 Conjuration/Hexes            3
   d - Fulminant Prism                Conjuration/Hexes            4
   e - Iskenderun's Mystic Blast      Conjuration                  4
   f - Iskenderun's Battlesphere      Conjuration/Charms           5
 u - a book of Minor Magic

   Spells                             Type                      Level
   a - Magic Dart                     Conjuration                  1
   b - Blink                          Translocation                2
   c - Call Imp                       Summoning                    2
   d - Repel Missiles                 Charms/Air                   2
   e - Slow                           Hexes                        2
   f - Conjure Flame                  Conjuration/Fire             3
   g - Mephitic Cloud                 Conjuration/Poison/Air       3
Comestibles
 c - 2 bread rations
 d - 3 fruits


   Skills:
 + Level 2.8 Dodging
 + Level 2.9 Stealth
 * Level 5.6 Spellcasting
 + Level 6.4 Conjurations
 * Level 1.5 Charms


You had 6 spell levels left.
You knew the following spells:

 Your Spells              Type           Power        Failure   Level  Hunger
a - Magic Dart            Conj           ####         1%          1    None
b - Iskenderun's Mystic   Conj           ####....     10%         4    ####...
c - Iskenderun's Battles  Conj/Chrm      ###.....     63%         5    #####..


Dungeon Overview and Level Annotations

Branches:
Dungeon (4/15)             Temple (0/1) D:4

Altars:
Ashenzari
Dithmenos
Gozag
Nemelex Xobeh
Qazlal
Sif Muna
Trog
Vehumet
Yredelemnul
The Shining One


Message History

The orc priest is almost dead.
Casting: Magic Dart
Confirm with . or Enter, or press ? or * to list all spells.
Aiming: Magic Dart
Press: ? - help, Shift-Dir - straight line, f/p - orc priest
Aim: an orc priest, wielding a whip and wearing a chain mail (almost dead)
The magic dart hits the orc priest.
The orc priest is almost dead.
The orc priest barely misses you. The orc closely misses you.
Casting: Magic Dart
Confirm with . or Enter, or press ? or * to list all spells.
Aiming: Magic Dart
Press: ? - help, Shift-Dir - straight line, f/p - orc priest
Aim: an orc priest, wielding a whip and wearing a chain mail (almost dead)
The magic dart hits the orc priest.
The orc priest is almost dead.
You see here a club.
The orc priest calls down the wrath of Beogh upon you.
Beogh smites you!
You die...

*,,, ##### *,#*
#...## **.##
#....# *....
#.o..# *##..#*
##.#.# *...,.#
#o#o########.#....
#)#............#,*
#@##########)###,*
#..# ******...,>*
##)# *,,,,,..##**
#.# *,,,,,..# #.#
*,,,,,..# #.#
*,,,,,..# #.#
*,,,,,..# #.#
*,,,,,,,* * #.#
*,,,,,,,* *


You could see an orc priest and an orc.

Vanquished Creatures
  2 orc priests (D:4)
  An iguana (D:4)
  A killer bee zombie (D:4)
  4 gnolls (D:2)
  3 adders (D:2)
  A shadow imp (D:4)
  2 oozes
  A worm (D:3)
  2 dart slugs
  8 orcs
  2 ball pythons (D:1)
  12 bats
  A giant cockroach (D:2)
  9 hobgoblins
  2 jackals (D:1)
  4 kobolds
  9 frilled lizards
  6 goblins
  8 rats
78 creatures vanquished.

Notes
Turn   | Place    | Note
-------+----------+-------------------------------------------
     0 | D:1      | markt42 the Deep Elf Conjurer began the quest for the Orb.
     0 | D:1      | Reached XP level 1. HP: 10/10 MP: 6/6
   188 | D:1      | Reached XP level 2. HP: 15/15 MP: 5/8
   473 | D:1      | Reached skill level 5 in Conjurations
   874 | D:1      | Reached XP level 3. HP: 19/19 MP: 7/10
  1479 | D:2      | Reached XP level 4. HP: 22/24 MP: 5/11
  1654 | D:2      | Reached skill level 6 in Conjurations
  1971 | D:2      | Learned a level 4 spell: Iskenderun's Mystic Blast
  2366 | D:2      | Found a stormy altar of Qazlal.
  2368 | D:2      | Found a basalt altar of Yredelemnul.
  2371 | D:2      | Found a shadowy altar of Dithmenos.
  2372 | D:2      | Found an opulent altar of Gozag.
  2372 | D:2      | Found a shattered altar of Ashenzari.
  2372 | D:2      | Found a sparkling altar of Nemelex Xobeh.
  2375 | D:2      | Found a glowing golden altar of the Shining One.
  2834 | D:3      | Reached XP level 5. HP: 28/28 MP: 8/13
  2841 | D:3      | Learned a level 5 spell: Iskenderun's Battlesphere
  3233 | D:4      | Found a bloodstained altar of Trog.
  3233 | D:4      | Found a radiant altar of Vehumet.
  3233 | D:4      | Found a deep blue altar of Sif Muna.
  3240 | D:4      | Became a worshipper of Sif Muna the Loreminder
  3502 | D:4      | Reached skill level 5 in Spellcasting
  3502 | D:4      | Reached skill level 1 in Charms
  3555 | D:4      | Found a staircase to the Ecumenical Temple.
  3991 | D:4      | Reached XP level 6. HP: 32/32 MP: 10/16
  4016 | D:4      | Killed from afar by an orc priest

Skill      XL: |  1  2  3  4  5 |
---------------+----------------+-----
Conjurations   | 5 6 |  6.4
Spellcasting   | 4 5 |  5.6
Charms         | 1 |  1.5
Dodging        | |  2.8
Stealth        | |  2.9

Action                   |  1- 3 |  4- 6 || total
-------------------------+-------+-------++-------
 Cast: Magic Dart        |    67 |    95 ||   162
       Iskenderun's Myst |       |     3 ||     3
  Use: Scroll            |       |     8 ||     8
  Eat: Chunk             |     1 |     4 ||     5
       Bread ration      |       |     1 ||     1
       Royal jelly       |       |     1 ||     1
Armor: Robe              |     1 |     2 ||     3
Dodge: Dodged            |     8 |    13 ||    21
